 Dungeon Crawl Stone Soup version 0.28.0-1-gb440e238dd (webtiles) character file.

Game seed: 1790004902045068393

79 DoubleLucky the Firebug (level 4, -9/24 HPs)
             Began as a Tengu Fire Elementalist on Feb 22, 2022.
             Killed by nerve-wracking pain
             ... invoked by Menkaure
              (14 damage)
             ... on level 4 of the Dungeon on Feb 23, 2022.
             The game lasted 00:11:40 (1889 turns).

DoubleLucky the Firebug (Tengu Fire Elementalist)   Turns: 1889, Time: 00:11:43

Health: -9/24      AC:  2    Str: 10    XL:     4   Next: 37%
Magic:  7/9        EV: 12    Int: 15    God:
Gold:   64         SH:  0    Dex: 15    Spells: 7/8 levels left

rFire   . . .      SeeInvis .   c - +0 dagger
rCold   . . .      Faith    .   (no shield)
rNeg    . . .      Spirit   .   a - +0 robe
rPois   .          Reflect  .   (helmet restricted)
rElec   .          Harm     .   (no cloak)
rCorr   .          Rampage  .   (no gloves)
Will    .....                   (boots unavailable)
Stlth   ++........              (no amulet)
HPRegen 0.08/turn               (no ring)
MPRegen 0.11/turn               (no ring)

@: no status effects
A: beak, talons 3
a: no special abilities


You were on level 4 of the Dungeon.
You visited 1 branch of the dungeon, and saw 3 of its levels.

You collected 64 gold pieces.

Inventory:

Hand Weapons
 c - a +0 dagger (weapon)
Missiles
 g - 2 poisoned darts
Armour
 a - a +0 robe (worn)
Scrolls
 b - a scroll of noise {unknown}
 d - a scroll of fear {unknown}
 f - a scroll of vulnerability {unknown}
 h - 2 scrolls of teleportation {unknown}
Potions
 e - a potion of invisibility {unknown}


   Skills:
 - Level 2.2 Dodging
 - Level 2.0 Stealth
 + Level 2.8 Spellcasting
 + Level 3.0 Conjurations
 + Level 4.3 Fire Magic


You had 7 spell levels left.
You knew the following spells:

 Your Spells              Type           Power      Damage    Failure   Level
a - Foxfire               Conj/Fire      52%        2x1d6     4%          1

Your spell library contained the following spells:

 Spells                   Type           Power      Damage    Failure   Level
 Scorch                   Fire           30%        2d7       5%          2
 Conjure Flame            Conj/Fire      13%        6-21      14%         3
 Inner Flame              Hex/Fire       8%         N/A       26%         3
 Flame Wave               Conj/Fire      13%        2d6       41%         4


Dungeon Overview and Level Annotations

Branches:
Dungeon (2/15)

Altars:
Vehumet

Shops:
D:1 [

Annotations:
D:4 Menkaure


Innate Abilities, Weirdness & Mutations

You have a beak for a mouth.
You have claws for feet.


Message History

The shaft crumbles and collapses.
Menkaure, a jelly and a kobold come into view.
Menkaure shouts!
The kobold shouts!
Found a murky purple potion and 14 gold pieces.
The jelly hits you.
You are splashed with acid!
Menkaure casts a spell.
Menkaure seems to speed up.
Casting: Foxfire (safe; 4% risk of failure)
Confirm with . or Enter, or press ? or * to list all spells.
You conjure some foxfire!
Menkaure casts a spell at you. Pain shoots through your body!
* * * LOW HITPOINT WARNING * * *
The foxfire hits Menkaure.
Menkaure is lightly damaged.
A ball python comes into view.
Found 5 javelins and a knobbly peridot ring.
Casting: Foxfire (safe; 4% risk of failure)
Confirm with . or Enter, or press ? or * to list all spells.
You conjure some foxfire!
The foxfire hits the kobold.
You kill the kobold!
The foxfire hits the ball python.
The ball python is severely wounded.
The ball python hisses angrily.
You closely miss the ball python. You claw the ball python.
You kill the ball python!
You see here a ball python corpse.
Found a dagger and a ring mail.
Casting: Foxfire (safe; 4% risk of failure)
Confirm with . or Enter, or press ? or * to list all spells.
You conjure some foxfire!
The jelly hits you but does no damage.
Menkaure whispers, "It doesn't hurt if you pull your brain out of your nose yourself."
The foxfire hits Menkaure.
Menkaure is burned terribly!
Menkaure is moderately damaged.
The foxfire hits Menkaure.
Menkaure is burned terribly!
Menkaure is heavily damaged.
Menkaure gestures at you while chanting.
Pain shoots through your body!
Ouch! That really hurt!
You die...

#......#.#
####.#.#.#
...##
#.#.#.###....#
#.# ..........
#)###.#......#
#.##.......[#
#.†.M#......#
####J(§....)##
##.@.=.....
###.##.... #.#
# #.# #.# ##


You could see Menkaure (fast) and a jelly.

Vanquished Creatures
  Jessica (D:2)
  2 dart slugs (D:1)
  6 ball pythons
  5 endoplasms
  3 giant cockroaches
  3 goblins (D:1)
  3 hobgoblins (D:1)
  3 jackals (D:1)
  5 kobolds
  A quokka (D:1)
  6 bats
  A frilled lizard (D:2)
  5 rats (D:1)
44 creatures vanquished.

Vanquished Creatures (collateral kills)
  A foxfire (D:1)
1 creature vanquished.

Vanquished Creatures (others)
  151 foxfires
151 creatures vanquished.

Grand Total: 196 creatures vanquished

Notes
Turn   | Place    | Note
-------+----------+-------------------------------------------
     0 | D:1      | DoubleLucky the Tengu Fire Elementalist began the quest for
                  | the Orb.
     0 | D:1      | Reached XP level 1. HP: 10/10 MP: 4/4
     3 | D:1      | Found a radiant altar of Vehumet.
    64 | D:1      | Found Ytaotel's Antique Armour Boutique.
   146 | D:1      | Reached XP level 2. HP: 15/15 MP: 0/6
   680 | D:1      | Found a faded altar of an unknown god.
   680 | D:1      | Noticed a tormentor
   732 | D:1      | Reached XP level 3. HP: 19/19 MP: 3/7
   899 | D:1      | Reached skill level 4 in Fire Magic
  1724 | D:2      | Noticed Jessica
  1732 | D:2      | Killed Jessica
  1733 | D:2      | Reached XP level 4. HP: 24/24 MP: 0/9
  1862 | D:2      | You fall into a shaft and drop 2 floors!
  1862 | D:4      | Noticed Menkaure
  1889 | D:4      | Killed from afar by Menkaure

Illustrated notes

Levels and vault maps discovered:
D:1:      sevenhm_arrival_forest_fort_small_6, layout_basic, serial_shops,
          nicolae_diamond_shop, dreamdust_ecumenical_altar_sealed_demon
D:2:      layout_loops_ring, uniq_jessica
D:4:      layout_loops_ring, minmay_misc_feat_chi, minmay_small_thing,
          uniq_menkaure

Skill      XL: |  1  2  3  4 |
---------------+-------------+-----
Conjurations   | 2 3 |  3.0
Fire Magic     | 4 |  4.3
Dodging        | |  2.2
Stealth        | |  2.0
Spellcasting   | |  2.8

Action                   |  1- 3 |  4- 6 || total
-------------------------+-------+-------++-------
Melee: Dagger            |     1 |     1 ||     2
       Kick              |     1 |     1 ||     2
 Cast: Foxfire           |    93 |     6 ||    99
Armor: Robe              |     5 |     1 ||     6
Dodge: Dodged            |     5 |       ||     5
